 Dungeon Crawl Stone Soup version 0.30-a0-709-gcdc1b43e22 (webtiles) character file.

Game seed: 5716005664194387390

1120 Bnni the Vexing (level 8, -1/55 (58) HPs)
             Began as a Formicid Hexslinger on Jan 22, 2023.
             Was an Initiate of Dithmenos.
             Slain by a gnoll
             ... wielding a +0 flail
             ... led by a gnoll sergeant
              (11 damage)
             ... on level 5 of the Dungeon.
             The game lasted 00:09:51 (5359 turns).

Bnni the Vexing (Formicid Hexslinger)               Turns: 5359, Time: 00:09:52

HP:   -1/55 (58)    AC: 11    Str: 15    XL:     8   Next: 60%
MP:   12/12         EV: 10    Int: 15    God:    Dithmenos [......]
Gold: 664           SH:  5    Dex: 14    Spells: 5/13 levels left

rFire   + . .      SeeInvis +    a - +1 sling
rCold   + . .      Faith    .    n - +0 buckler
rNeg    . . .      Spirit   .    g - +4 ring mail
rPois   .          Reflect  .    (helmet unavailable)
rElec   .          Harm     .    q - scarf {rC+ rF+}
rCorr   .          Rampage  .    o - +0 pair of gloves
Will    .....                    v - +0 pair of boots
Stlth   +                        (no amulet)
HPRegen 0.29/turn                s - ring of flight
MPRegen 0.13/turn                (no ring)

@: flying, drained
A: permanent stasis, dig shafts and tunnels, antennae 3, four strong arms
a: Dig, Shaft Self, Renounce Religion


You were on level 5 of the Dungeon.
You worshipped Dithmenos.
Dithmenos was noncommittal.
You visited 2 branches of the dungeon, and saw 7 of its levels.
You also visited: Ossuary.

You collected 664 gold pieces.

Inventory:

Hand Weapons
 a - a +1 sling (weapon)
Missiles
 d - 5 poisoned darts
Armour
 g - a +4 ring mail (worn)
 n - a +0 buckler (worn)
 o - a +0 pair of gloves (worn)
 q - a scarf of resistance (worn)
 v - a +0 pair of boots (worn)
Jewellery
 s - a ring of flight (left hand)
Scrolls
 b - a scroll of poison
 c - a scroll of immolation {unknown}
 h - a scroll of summoning {unknown}
 k - a scroll of enchant armour {unknown}
 m - a scroll of vulnerability
 p - 2 scrolls of enchant weapon
 r - a scroll of magic mapping {unknown}
 x - a scroll of blinking {unknown}
Potions
 f - 2 potions of heal wounds
 i - a potion of magic {unknown}
 t - 2 potions of brilliance {unknown}
 u - a potion of ambrosia {unknown}
 w - 2 potions of might {unknown}
 z - a potion of attraction {unknown}
 A - a potion of berserk rage {unknown}
 B - 6 potions of curing {unknown}


   Skills:
 + Level 3.2 Fighting
 * Level 4.8 Ranged Weapons
 + Level 2.9 Armour
 - Level 1.7 Dodging
 - Level 4.0 Shields
 - Level 3.0 Spellcasting
 * Level 6.4 Hexes
 + Level 1.5 Translocations
 - Level 3.0 Fire Magic


You had 5 spell levels left.
You knew the following spells:

 Your Spells              Type           Power      Damage    Failure   Level
a - Slow                  Hex            84%        N/A       3%          1
b - Inner Flame           Hex/Fire       16%        N/A       21%         3
d - Cause Fear            Hex            10%        N/A       32%         4

Your spell library contained the following spells:

 Spells                   Type           Power      Damage    Failure   Level
 Portal Projectile        Hex/Tloc       28%        N/A       28%         3
 Lesser Beckoning         Tloc           12%        N/A       36%         2
 Beastly Appendage        Tmut           4%         N/A       43%         1
 Necrotise                Necr           8%         1d4       43%         1
 Wereblood                Tmut           2%         N/A       56%         2
 Gell's Gravitas          Tloc           6%         N/A       58%         3
 Teleport Other           Tloc           6%         N/A       58%         3
 Ozocubu's Armour         Ice            2%         N/A       80%         3
 Spider Form              Tmut/Pois      2%         N/A       80%         3
 Vampiric Draining        Necr           2%         2d6       80%         3
 Agony                    Necr           2%         N/A       100%        5
 Ozocubu's Refrigeration  Ice            1%         4d7       100%        7


Dungeon Overview and Level Annotations

Branches:
Dungeon (6/15)             Temple (1/1) D:5         Ossuary (visited)

Altars:
Dithmenos
Elyvilon
Fedhas
Hepliaklqana
Kikubaaqudgha
Makhleb
Nemelex Xobeh
Qazlal
Trog
Vehumet
Wu Jian
Xom
Yredelemnul
Zin


Innate Abilities, Weirdness & Mutations

You cannot be hasted, slowed, berserked, paralysed or teleported.
You can dig through walls and to a lower floor.
You have a pair of large antennae on your head. (SInv)
Your four strong arms can wield two-handed weapons with a shield.


Message History

You feel very sick. The gnoll closely misses you.
The gnoll hits you but does no damage. The gnoll barely misses you.
You extend your mandibles.
You dig through the rock wall.
You feel drained.
You feel very sick. The gnoll hits you but does no damage.
The orc hits you with a +0 club.
You retract your mandibles.
The gnoll attacks as you move away! The gnoll hits you with a +0 whip.
* * * LOW HITPOINT WARNING * * *
You feel sick. The gnoll attacks as you move away!
The gnoll closely misses you.
You feel sick.
Okay, then.
You shoot a sling bullet. The sling bullet hits the gnoll.
The gnoll is moderately wounded.
You feel sick. The gnoll barely misses you.
You shoot a sling bullet.
The sling bullet hits the gnoll but does no damage.
The gnoll is moderately wounded.
You feel sick. You block the gnoll's attack.
You shoot a sling bullet.
The sling bullet hits the gnoll but does no damage.
The gnoll is moderately wounded.
You feel sick. The gnoll misses you. The gnoll barely misses you.
You shoot a sling bullet. The sling bullet hits the gnoll.
The gnoll is severely wounded.
You feel sick.
You are no longer poisoned.
The gnoll hits you but does no damage.
You shoot a sling bullet. The sling bullet hits the gnoll.
You kill the gnoll!
Dithmenos accepts your kill.
You shoot a sling bullet.
The sling bullet hits the gnoll but does no damage.
The gnoll barely misses you.
You shoot a sling bullet.
The sling bullet hits the gnoll but does no damage.
The gnoll misses you. The gnoll hits you with a +0 flail!
You die...

########### #.........#
#.#######.# #.# #.#
#.#######.# #.........#
#####.######..########
#...........>..@go...#########
#.....######...##..#.#.......#
#..##.# ###...###>#.#.#####.#
#..##.# #.......#.#.#.# #.#
#..##.####........)....# #.#
#..##.................######.#
#..#########....#####.....##.#
##..#########...>#
#.###.##.###
...........###.#.#
#...........


You could see a gnoll and an orc.

Vanquished Creatures
  Eustachio (D:5)
  6 water moccasin zombies (Ossuary)
  6 jellies
  An orc priest (D:4)
  Crazy Yiuf (D:2)
  2 iguanas (D:5)
  Natasha (twice) (D:2)
  3 mummies
  2 gnolls (D:5)
  5 adders
  An ufetubus (D:5)
  8 adder zombies
  A worm (D:2)
  8 dart slugs
  16 orcs
  6 ball pythons
  6 endoplasms
  A giant cockroach (D:1)
  9 goblins
  12 hobgoblins
  8 jackals
  6 quokkas
  7 bats
  A frilled lizard (D:2)
  4 gnoll zombies (Ossuary)
  7 hobgoblin zombies
  7 kobolds
  9 kobold zombies
  4 orc zombies (Ossuary)
  3 rats
153 creatures vanquished.

Vanquished Creatures (others)
  2 fungi (D:2)
  4 plants (D:1)
6 creatures vanquished.

Grand Total: 159 creatures vanquished

Notes
Turn   | Place    | Note
-------+----------+-------------------------------------------
     0 | D:1      | Bnni the Formicid Hexslinger began the quest for the Orb.
     0 | D:1      | Reached XP level 1. HP: 15/15 MP: 2/2
   499 | D:1      | Reached XP level 2. HP: 17/21 MP: 3/3
   885 | D:2      | Reached skill level 4 in Hexes
   885 | D:2      | Reached skill level 1 in Fire Magic
   885 | D:2      | Reached XP level 3. HP: 26/26 MP: 4/4
   889 | D:2      | Learned a level 3 spell: Inner Flame
   896 | D:2      | Found a faded altar of an unknown god.
  1227 | D:2      | Found a runed translucent door.
  1228 | D:2      | Noticed Crazy Yiuf
  1264 | D:2      | Killed Crazy Yiuf
  1265 | D:2      | Reached XP level 4. HP: 12/32 MP: 1/6
  1650 | D:2      | Noticed Natasha
  1657 | D:2      | Killed Natasha
  1658 | D:2      | Reached skill level 1 in Armour
  1658 | D:2      | Reached XP level 5. HP: 38/38 MP: 5/7
  1981 | D:2      | Noticed Natasha
  1991 | D:2      | Killed Natasha
  2536 | D:3      | Reached XP level 6. HP: 43/44 MP: 6/9
  2547 | D:3      | Learned a level 4 spell: Cause Fear
  2891 | D:4      | Reached skill level 1 in Shields
  2891 | D:4      | Reached skill level 5 in Hexes
  2988 | D:4      | Found a sand-covered staircase.
  3111 | Ossuary  | Entered an ossuary
  3176 | Ossuary  | Reached XP level 7. HP: 36/51 MP: 10/10
  3831 | D:4      | Reached XP level 8. HP: 57/57 MP: 11/11
  4010 | D:4      | Reached skill level 6 in Hexes
  4077 | D:4      | Found a basalt altar of Yredelemnul.
  4307 | D:5      | Entered Level 5 of the Dungeon
  4627 | D:5      | Identified the +0 leather armour of the Everdark {+Blink
                  | rF+}
  4917 | D:5      | Found a staircase to the Ecumenical Temple.
  4936 | Temple   | Entered the Ecumenical Temple
  5024 | Temple   | Became a worshipper of Dithmenos the Shadowed
  5118 | D:6      | Noticed Eustachio
  5132 | D:5      | Killed Eustachio
  5133 | D:5      | Reached skill level 1 in Translocations
  5359 | D:5      | Slain by a gnoll

Illustrated notes

Levels and vault maps discovered:
D:1:      minmay_arrival_four_circles, layout_basic,
          hangedman_abyss_or_decor_lesser_grid, serial_bayou_ford_a,
          hangedman_decor_peaks_small
D:2:      layout_loops_ring, dreamdust_ecumenical_altar_grove,
          grunt_ministairs_10, nicolae_hexahallways, uniq_natasha,
          uniq_crazy_yiuf_cottage
D:3:      layout_basic
D:4:      minmay_polygon_palace, layout_cave_pools,
          lemuel_zombie_altar_yredelemnul, nicolae_ossuary_entry_giza
D:5:      layout_loops_ring, lemuel_temple_firewalk_b
D:6:      layout_cave_pods, amcnicky_altar_gilded, kennysheep_mini_moat,
          uniq_eustachio
Temple:   nicolae_temple_bog_church

Skill      XL: |  1  2  3  4  5  6  7  8 |
---------------+-------------------------+-----
Hexes          | 4 5 6 |  6.4
Fire Magic     | 1 2 3 |  3.0
Armour         | 1 2 |  2.9
Ranged Weapons | 3 4 |  4.8
Fighting       | 2 3 |  3.2
Spellcasting   | 2 3 |  3.0
Shields        | 2 3 4 |  4.0
Translocations | 1 |  1.5
Dodging        | |  1.7

Action                     |  1- 3 |  4- 6 |  7- 9 || total
---------------------------+-------+-------+-------++-------
   Fire: Sling             |    89 |   297 |   341 ||   727
  Throw: Dart              |       |       |     1 ||     1
   Cast: Slow              |     4 |     8 |    13 ||    25
         Inner Flame       |     1 |       |     1 ||     2
Ability: Dig               |       |       |     1 ||     1
    Use: Scroll            |       |       |     4 ||     4
 Armour: Robe              |     8 |       |       ||     8
         Ring mail         |     6 |   112 |   128 ||   246
  Dodge: Dodged            |    27 |   128 |   135 ||   290
  Block: Buckler           |       |    24 |    54 ||    78

Table legend: (Time is in decaauts)
 A = Elapsed time spent in this place.
 B = Non-inter-level travel time spent in this place.
 C = Inter-level travel time spent in this place.
 D = Time resting spent in this place.
 E = Time spent auto-exploring this place.
 F = Levels seen in this place.
 G = Mean time per level.
                   A        B        C        D        E       F      G
               +--------+--------+--------+--------+--------+-----+--------+
         Total |   5617 |   5411 |    206 |    555 |   3322 |   8 |  702.1 |
       Dungeon |   4947 |   4757 |    190 |    422 |   3203 |   6 |  824.5 |
        Temple |    105 |     89 |     16 |      0 |     74 |   1 |  105.0 |
       Ossuary |    563 |    563 |      0 |    133 |     45 |   1 |  563.0 |
               +--------+--------+--------+--------+--------+-----+--------+

Top non-repeatable levels by time:
     D:2: 1313 daAuts
     D:4: 1161 daAuts
     D:5: 963 daAuts
     D:1: 849 daAuts
     D:3: 651 daAuts
 Ossuary: 563 daAuts
  Temple: 105 daAuts
     D:6: 7 daAuts
